 Dungeon Crawl Stone Soup version 0.19-a0-1662-gb81896f (webtiles) character file.

2412 Banto the Carver (level 9, -1/48 HPs)
             Began as a High Elf Skald on Sept 21, 2016.
             Was an Initiate of Okawaru.
             Slain by a wyvern (11 damage)
             ... on level 7 of the Dungeon.
             The game lasted 00:16:44 (8355 turns).

Banto the Carver (High Elf Skald)                   Turns: 8355, Time: 00:16:45

Health: -1/48      AC:  9    Str: 12    XL:     9   Next: 23%
Magic:  0/13       EV: 17    Int: 19    God:    Okawaru [......]
Gold:   33         SH:  0    Dex: 18    Spells: 3 memorised, 6 levels left

rFire  . . .     SeeInvis .     a - +1 falchion
rCold  . . .     Gourm    .     h - +1 leather armour
rNeg   . . .     Faith    .     (no shield)
rPois  +         Spirit   +     (no helmet)
rElec  .         Dismiss  .     l - +1 cloak {rPois}
rCorr  .         Reflect  .     n - +0 pair of gloves
MR     .....     Harm     .     p - +0 pair of boots
Stlth  +......... Rnd*Tele +    B - amulet of guardian spirit
                                (no ring)
                                j - +3 ring of intelligence

@: about to teleport
A: frail 1, mutation resistance 1, shaggy fur 1, teleportitis 1
a: Renounce Religion


You were on level 7 of the Dungeon.
You worshipped Okawaru.
Okawaru was noncommittal.
You were not hungry.

You visited 2 branches of the dungeon, and saw 9 of its levels.

You collected 33 gold pieces.

Inventory:

Hand Weapons
 a - a +1 falchion (weapon)
Armour
 e - the +2 pair of boots of Okawaru's Regard {rF- rC- rN+++ rCorr}
   (You acquired it on level 7 of the Dungeon)

   It makes you vulnerable to fire.
   It makes you vulnerable to cold.
   It renders you almost immune to negative energy.
   It protects you from acid and corrosion.
 h - a +1 leather armour (worn)
 l - a +1 cloak of poison resistance (worn)
 n - a +0 pair of gloves (worn)
 p - a +0 pair of boots (worn)
Jewellery
 j - a +3 ring of intelligence (left hand)
 B - an amulet of guardian spirit (around neck)
 C - an uncursed ring of fire
Wands
 b - a wand of lightning (4/15)
Scrolls
 m - 3 scrolls of remove curse
 q - 2 scrolls of recharging
 y - a scroll of enchant weapon
Potions
 c - a potion of beneficial mutation
 o - 3 potions of brilliance
 s - a potion of might
 t - a potion of agility
 w - a potion of flight {unknown}
 x - a potion of berserk rage {unknown}
 D - 2 potions of curing
Comestibles
 d - 4 bread rations
 g - 3 meat rations
 i - 2 beef jerkies


   Skills:
 - Level 2.0 Fighting
 * Level 11.9 Long Blades
 - Level 0.8 Armour
 + Level 8.1 Dodging
 - Level 2.4 Spellcasting
 - Level 3.6 Charms


You had 6 spell levels left.
You knew the following spells:

 Your Spells              Type           Power        Failure   Level  Hunger
a - Infusion              Chrm           ###.         6%          1    #......
b - Song of Slaying       Chrm           ###.....     10%         2    ##.....
c - Regeneration          Chrm/Necr      #.........   34%         3    ###....


Dungeon Overview and Level Annotations

Branches:
Dungeon (8/15)             Temple (1/1) D:7
   Lair: D:8-11

Altars:
Ashenzari
Cheibriados
Dithmenos
Elyvilon
Fedhas
Gozag
Hepliaklqana
Kikubaaqudgha
Makhleb
Nemelex Xobeh
Okawaru
Qazlal
Ru
Sif Muna
Trog
Uskayaw
Vehumet
Xom
Yredelemnul
Zin
The Shining One

Annotations:
D:6 exclusion: ogre
D:7 Maurice


Innate Abilities, Weirdness & Mutations

You are frail. (-10% HP)
You are somewhat resistant to further mutation.
You are covered in fur. (AC +1)
You are occasionally teleported next to monsters.


Message History

Level annotation: Maurice
There is a stone staircase leading down here.
You hit the wyvern.
The wyvern is moderately wounded.
The wyvern completely misses you.
You riposte.
You closely miss the wyvern.
The wyvern is moderately wounded.
The ogre completely misses you.
As you read the scroll of teleportation, it crumbles to dust.
You feel strangely unstable. The wyvern closely misses you.
The wyvern barely misses you.
You riposte.
You hit the wyvern.
The wyvern is heavily wounded.
You closely miss the wyvern.
The wyvern is heavily wounded.
The ogre barely misses you. The wyvern bites you!
* * * LOW HITPOINT WARNING * * *
You take 10 damage, and have 10/48 hp.
MASSIVE DAMAGE!!
You now have 3/13 mp.
You hit the wyvern.
The wyvern is heavily wounded.
The wyvern bites you!
You die...

#...##.###...
#............
##..##.##.###
#..#...#.# #..#.#.#.#
#.....)#<###
#...........
##########.#...##.###
#..O@l.....##.###.###
#.###########........
#.# #.......... #.#
#.######### #.# ###.#
# #.# #...# #.# #.###
#.# #.# #.# #.#


You could see a wyvern and an ogre.

Vanquished Creatures
  Grinder (D:6)
  Sigmund (D:6)
  A water moccasin (D:6)
  2 ice beasts
  2 phantoms
  An ogre (D:4)
  2 sky beasts
  5 bullfrogs
  A scorpion (D:4)
  A howler monkey (D:5)
  2 crimson imps (D:5)
  4 orc priests
  A centaur skeleton (D:4)
  7 orc wizards
  A bullfrog skeleton (D:5)
  A gnoll shaman (D:7)
  Crazy Yiuf (D:6)
  Jessica (D:2)
  2 iguanas (D:7)
  4 worker ants
  A hound skeleton (D:5)
  A howler monkey zombie (D:5)
  A worker ant zombie (D:7)
  A howler monkey skeleton (D:7)
  4 gnolls (D:7)
  7 adders
  3 shadow imps
  2 oozes
  An adder zombie (D:7)
  An adder skeleton (D:4)
  3 worms
  A dart slug (D:2)
  8 leopard geckos
  17 orcs
  A ball python (D:2)
  5 bats
  8 giant cockroaches
  A goblin (D:2)
  8 hobgoblins
  3 jackals
  7 kobolds
  2 quokkas
  5 frilled lizards
  A leopard gecko skeleton (D:6)
  A quokka skeleton (D:4)
  8 rats
142 creatures vanquished.

Notes
Turn   | Place    | Note
-------+----------+-------------------------------------------
     0 | D:1      | Banto the High Elf Skald began the quest for the Orb.
     0 | D:1      | Reached XP level 1. HP: 14/14 MP: 4/4
   309 | D:1      | Reached XP level 2. HP: 16/19 MP: 6/6
   369 | D:1      | Reached skill level 3 in Long Blades
   768 | D:1      | Found a sparkling altar of Nemelex Xobeh.
   832 | D:2      | Found a shadowy altar of Dithmenos.
   832 | D:2      | Found a sacrificial altar of Ru.
   896 | D:2      | Reached XP level 3. HP: 24/24 MP: 7/7
  1091 | D:2      | Reached skill level 4 in Long Blades
  1191 | D:2      | Noticed Jessica
  1201 | D:2      | Killed Jessica
  1201 | D:2      | Reached XP level 4. HP: 29/29 MP: 8/8
  1490 | D:2      | Gained mutation: You are occasionally teleported next to monsters. [potion of mutation]
  1490 | D:2      | Gained mutation: You are frail. (-10% HP) [potion of mutation]
  1490 | D:2      | Gained mutation: You are somewhat resistant to further mutation. [potion of mutation]
  1591 | D:3      | Reached skill level 5 in Long Blades
  1765 | D:3      | Reached XP level 5. HP: 13/30 MP: 1/9
  2500 | D:4      | Learned a level 2 spell: Song of Slaying
  2504 | D:4      | Learned a level 3 spell: Regeneration
  2547 | D:4      | Reached skill level 6 in Long Blades
  2564 | D:4      | Reached XP level 6. HP: 33/35 MP: 6/10
  3008 | D:4      | Reached skill level 7 in Long Blades
  3234 | D:5      | Entered Level 5 of the Dungeon
  3240 | D:5      | Reached XP level 7. HP: 40/40 MP: 11/11
  3289 | D:5      | Reached skill level 5 in Dodging
  3809 | D:5      | Reached skill level 8 in Long Blades
  4222 | D:5      | Found a stormy altar of Qazlal.
  4414 | D:5      | Found a blossoming altar of Fedhas.
  4571 | D:6      | Reached skill level 9 in Long Blades
  4571 | D:6      | Reached XP level 8. HP: 25/45 MP: 0/12
  5233 | D:5      | Reached skill level 10 in Long Blades
  5574 | D:6      | Noticed Grinder
  5609 | D:6      | Killed Grinder
  5794 | D:6      | Found a runed door.
  5799 | D:6      | Noticed Sigmund
  5805 | D:6      | Killed Sigmund
  5805 | D:6      | Reached skill level 11 in Long Blades
  6012 | D:6      | Noticed Crazy Yiuf
  6019 | D:6      | Killed Crazy Yiuf
  6266 | D:7      | Identified 2 scrolls of acquirement
  6269 | D:7      | Got a pair of ancient boots
  6280 | D:7      | Identified the +2 pair of boots of Okawaru's Regard {rF- rC- rN+++ rCorr} (You acquired it on level 7 of the Dungeon)
  6455 | D:7      | Reached XP level 9. HP: 27/48 MP: 3/13
  6533 | D:7      | Found a staircase to the Ecumenical Temple.
  6744 | D:7      | Gained mutation: You are covered in fur. (AC +1) [potion of mutation]
  6914 | Temple   | Entered the Ecumenical Temple
  6943 | Temple   | Became a worshipper of Warmaster Okawaru
  7240 | D:8      | Noticed Maurice
  8355 | D:7      | Slain by a wyvern

Vault maps used:
D:1:      lemuel_arrival_funnel, st_stairs_12, nemelex_altar_shiori
D:2:      gammafunk_temple_overflow_wave, first_bread, minmay_tripent,
          uniq_jessica
D:4:      kennysheep_big_flooded_room
D:5:      nicolae_overflow_hidden_temple, serial_column_ruins, column_ruins_hut,
          column_ruins_circle_small, column_ruins_corridor_corner,
          column_ruins_open_tiny, column_ruins_grid_4,
          column_ruins_columns_corner, column_ruins_open_tiny, fedhas_altar_4
D:6:      uniq_grinder, uniq_sigmund, uniq_crazy_yiuf_cottage
D:8:      grunt_ogre_cave, uniq_maurice
Temple:   compressed_dpeg_circular_temple

Skill      XL: |  1  2  3  4  5  6  7  8  9 |
---------------+----------------------------+-----
Dodging        | 2 3 4 6 7 8 |  8.1
Long Blades    | 3 4 5 6 7 9 11 | 11.9
Fighting       | |  2.0
Armour         | |  0.8
Spellcasting   | |  2.4
Charms         | |  3.6

Action                   |  1- 3 |  4- 6 |  7- 9 || total
-------------------------+-------+-------+-------++-------
Melee: Falchion          |    89 |   218 |   493 ||   800
Throw: Throwing net      |       |       |     3 ||     3
 Cast: Infusion          |     3 |    12 |    29 ||    44
Evoke: Wand              |       |       |     3 ||     3
  Use: Scroll            |     4 |     7 |    12 ||    23
       Potion            |       |     3 |     6 ||     9
 Stab: Sleeping          |       |     5 |     1 ||     6
  Eat: Chunk             |     1 |     7 |    13 ||    21
       Royal jelly       |       |       |     1 ||     1
       Pizza             |       |       |     1 ||     1
Armor: Leather armour    |    15 |    53 |    77 ||   145
       Skin              |       |    26 |       ||    26
Dodge: Dodged            |    52 |    83 |   213 ||   348

Table legend:
 A = Turns spent in this place as a percentage of turns spent in the entire game.
 B = Non-inter-level travel turns spent in this place as a percentage of non-inter-level travel turns spent in the entire game.
 C = Inter-level travel turns spent in this place as a percentage of turns spent in this place.
 D = Turns resting spent in this place as a percentage of non-inter-level travel turns spent in this place.
 E = Turns spent auto-exploring this place as a percentage of non-inter-level travel turns spent in this place.
 F = Non-inter-level travel turns spent in this place divided by the number of levels of this place that you've seen.
                   A       B       C       D       E      F
               +-------+-------+-------+-------+-------+----------------------
         Total | 100.0 | 100.0 |   1.2 |   3.5 |   7.6 | 304.0
       Dungeon |  98.9 |  98.9 |   1.2 |   3.6 |   7.6 | 338.2
        Temple |   1.1 |   1.1 |   3.2 |   0.0 |   3.3 |  30.0
               +-------+-------+-------+-------+-------+----------------------

Table legend:
 A = Kills in this place as a percentage of kills in entire the game.
 B = Kills by you in this place as a percentage of kills by you in the entire game.
 C = Kills by friends in this place as a percentage of kills by friends in the entire game.
 D = Other kills in this place as a percentage of other kills in the entire game.
 E = Experience gained in this place as a percentage of experience gained in the entire game.
 F = Experience gained in this place divided by the number of levels of this place that you have seen.
                   A       B       C       D       E      F
               +-------+-------+-------+-------+-------+----------------------
         Total | 100.0 | 100.0 |  -nan |  -nan | 100.0 | 383.0
       Dungeon | 100.0 | 100.0 |  -nan |  -nan | 100.0 | 430.9
               +-------+-------+-------+-------+-------+----------------------
